 Dungeon Crawl Stone Soup version 0.30-b1-7-gcb88a99046 (webtiles) character file.

Game seed: 358504056415969799

490 ChrisAssaf the Stinger (level 7, 0/52 HPs)
             Began as a Meteoran Venom Mage on May 5, 2023.
             Was a Follower of Qazlal.
             Slain by a gnoll
             ... wielding a +0 flail
              (11 damage)
             ... on level 5 of the Dungeon.
             The game lasted 00:12:41 (2429 turns).

ChrisAssaf the Stinger (Meteoran Venom Mage)        Turns: 2429, Time: 00:12:41

Health: 0/52       AC:  2    Str: 10    XL:     7   Next: 64%
Magic:  7/13       EV: 13    Int: 19    God:    Qazlal [*.....]
Gold:   218        SH:  2    Dex: 14    Spells: 4/13 levels left

rFire   . . .        c - +1 dagger (vamp)
rCold   . . .        (no shield)
rNeg    . . .        a - +0 robe
rPois   .            (no helmet)
rElec   .            (no cloak)
rCorr   .            (no gloves)
SInv    +            (no boots)
Will    .....        (no amulet)
Stlth   +            g - ring of see invisible
HPRegen 0.28/turn    (no ring)
MPRegen 0.13/turn

%: no passive effects
@: radiating poison, very slightly contaminated, glowing
A: sense surroundings 1, otherworldly, glowing, explore regen
a: Renounce Religion


You were on level 5 of the Dungeon.
You worshipped Qazlal.
Qazlal was aware of your devotion.
You visited 1 branch of the dungeon, and saw 5 of its levels.

You collected 218 gold pieces.

Inventory:

Hand Weapons
 c - a +1 vampiric dagger (weapon)
Armour
 a - a +0 robe (worn)
Jewellery
 g - a ring of see invisible (left hand)
Wands
 e - a wand of charming (4)
 m - a wand of flame (16)
Scrolls
 d - 2 scrolls of poison
 h - 3 scrolls of teleportation
 i - a scroll of fear
 k - a scroll of magic mapping
 l - 4 scrolls of silence
Potions
 b - a potion of haste
 f - 2 potions of curing
 j - a potion of heal wounds {unknown}
 o - a potion of lignification


   Skills:
 * Level 1.6 Fighting
 * Level 1.3 Short Blades
 * Level 1.1 Armour
 * Level 3.6 Dodging
 * Level 2.0 Stealth
 + Level 0.5 Shields
 * Level 3.8 Spellcasting
 * Level 2.0 Conjurations
 * Level 2.7 Transmutations
 * Level 1.4 Air Magic
 * Level 5.8 Poison Magic
 * Level 2.1 Invocations
 * Level 1.0 Evocations


You had 4 spell levels left.
You knew the following spells:

 Your Spells              Type           Power      Damage    Failure   Level
a - Mephitic Cloud        Conj/Pois/Air  15%        N/A       12%         3
b - Poisonous Vapours     Pois/Air       34%        N/A       4%          2
c - Olgreb's Toxic Radia  Pois           25%        N/A       13%         4

Your spell library contained the following spells:

 Spells                   Type           Power      Damage    Failure   Level
 Sting                    Tmut/Pois      76%        1d6       2%          1
 Passwall                 Tmut/Erth      6%         N/A       12%         2
 Apportation              Tloc           6%         N/A       14%         1
 Necrotise                Necr           12%        1d4       14%         1
 Sandblast                Erth           6%         2d5       14%         1
 Summon Small Mammal      Summ           12%        N/A       14%         1
 Stone Arrow              Conj/Erth      14%        3d7       26%         3


Dungeon Overview and Level Annotations

Branches:
Dungeon (5/15) Zot: 580
 Temple: D:4-7

Altars:
Kikubaaqudgha
Makhleb
Qazlal
Ru


Innate Abilities, Weirdness & Mutations

You passively map a small area around you.
You are easily found by Zot.
You glow in the dark.
You regain HP and MP as you explore.


Message History

The phantom closely misses you.
You hit the phantom.
The phantom is lightly damaged.
The phantom hits you.
The phantom blinks!
You blink.
Casting: Poisonous Vapours (safe; 4% risk of failure)
Confirm with . or Enter, or press ? or * to list all spells.
The spell is quite dangerous to miscast (14% risk of failure)!
Continue anyway?
You miscast Olgreb's Toxic Radiance.
You are very lightly contaminated with residual magic.
Nothing appears to happen.
The phantom hits you.
The phantom blinks!
You blink.
The gnoll hits you with a +0 whip. The gnoll hits you with a +0 flail.
The gnoll hits you with a +0 spear.
Unknown command.
As you read the scroll of fear, it crumbles to dust.
You assume a fearsome visage.
The gnoll looks frightened! x3
The phantom is unaffected.
The ufetubus looks frightened!
The phantom is engulfed in a thunderstorm.
You destroy the phantom!
Qazlal accepts your kill.
Your Stealth skill increases to level 2!
Your Evocations skill increases to level 1!
Casting: Olgreb's Toxic Radiance (quite dangerous; 13% risk of failure)
Confirm with . or Enter, or press ? or * to list all spells.
The spell is quite dangerous to miscast (13% risk of failure)!
Continue anyway?
You begin to radiate toxic energy.
Your attack snaps the gnoll out of its fear.
The gnoll is poisoned.
Your attack snaps the gnoll out of its fear.
The gnoll is poisoned.
Your attack snaps the gnoll out of its fear.
The gnoll is poisoned.
Your attack snaps the ufetubus out of its fear.
The ufetubus is poisoned.
The gnoll looks even sicker.
The gnoll hits you from afar with a +0 spear.
You feel better.
The gnoll looks even sicker. x2
The gnoll hits you with a +0 whip! The gnoll hits you with a +0 flail.
The gnoll hits you from afar with a +0 spear.
* * * LOW HITPOINT WARNING * * *
The gnoll attacks as you move away! The gnoll hits you with a +0 flail!
You die...

* ,
#####......#.###.#.. ,
#..[.)..#'######.#.~ ,
* #.......#.....#..#~.
#.......#.....#..#~. ,
* #....<..#.....#..#~.
#...5...#.....#..#.~ *
#.......#.....#..#..
###[......#########.#.
#..g.@ยง....# ##.#
#...g.g....# ##. ,
#..........# ##
#..........# #
#..........# #
#.....#+##... #.....#
... * ......# * ^. ,


You could see 3 gnolls and an ufetubus (poisoned).

Vanquished Creatures
  An ogre (D:4)
  A phantom (D:5)
  A howler monkey (D:5)
  A jelly (D:5)
  3 hounds
  An iguana (D:5)
  An orc wizard (D:5)
  Terence (D:2)
  3 adders
  An ufetubus (D:4)
  2 worms
  4 dart slugs
  4 orcs (D:5)
  3 endoplasms (D:4)
  3 giant cockroaches
  3 goblins
  5 hobgoblins
  3 kobolds (D:4)
  5 ball pythons
  3 bats
  2 frilled lizards
  3 rats
54 creatures vanquished.

Notes
Turn   | Place    | Note
-------+----------+-------------------------------------------
     0 | D:1      | ChrisAssaf the Meteoran Venom Mage began the quest for the
                  | Orb.
     0 | D:1      | Reached XP level 1. HP: 14/14 MP: 5/5
   165 | D:1      | Reached XP level 2. HP: 16/20 MP: 3/6
   168 | D:1      | Learned a level 2 spell: Poisonous Vapours
   278 | D:1      | Reached skill level 4 in Poison Magic
   487 | D:2      | Noticed Terence
   494 | D:2      | Killed Terence
   495 | D:2      | Reached XP level 3. HP: 13/26 MP: 3/8
   580 | D:2      | Reached XP level 4. HP: 18/33 MP: 3/9
   599 | D:2      | Learned a level 4 spell: Olgreb's Toxic Radiance
   665 | D:2      | Reached skill level 5 in Poison Magic
   746 | D:2      | Reached XP level 5. HP: 23/39 MP: 5/11
   990 | D:2      | Learned a level 3 spell: Mephitic Cloud
  1239 | D:3      | Found a faded altar of an unknown god.
  1286 | D:3      | Prayed at the altar of an unknown god.
  1286 | D:3      | Became a worshipper of Qazlal Stormbringer
  1286 | D:3      | Reached * piety under Qazlal
  1360 | D:3      | Found an ancient bone altar of Kikubaaqudgha.
  1370 | D:3      | Found a burning altar of Makhleb.
  1519 | D:3      | Found a stormy altar of Qazlal.
  1755 | D:4      | Reached skill level 1 in Short Blades
  1904 | D:4      | Noticed an ogre
  1915 | D:4      | Killed an ogre
  1916 | D:4      | Reached skill level 1 in Fighting
  1916 | D:4      | Reached skill level 1 in Air Magic
  1916 | D:4      | Reached XP level 6. HP: 47/47 MP: 6/12
  1964 | D:4      | Reached skill level 1 in Armour
  2227 | D:5      | Entered Level 5 of the Dungeon
  2235 | D:5      | Reached skill level 1 in Conjurations
  2235 | D:5      | Reached XP level 7. HP: 49/52 MP: 4/13
  2244 | D:5      | Reached skill level 1 in Invocations
  2257 | D:5      | Found a sacrificial altar of Ru.
  2427 | D:5      | Reached skill level 1 in Evocations
  2429 | D:5      | Slain by a gnoll

Illustrated notes

Levels and vault maps discovered:
D:1:      minmay_arrival_three_doors, layout_basic
D:2:      layout_rooms, uniq_terence
D:3:      layout_loops_ring, nicolae_qazlal_scattered_showers,
          mainiacjoe_overflow_big_doors, shapermc_ecumenical_altar_pompeii,
          serial_bayou_crossing
D:4:      layout_cave_pods
D:5:      layout_gridville, nicolae_ru_awakened_eye, trog_wizard,
          minmay_temple_entry_hall

Skill      XL: |  1  2  3  4  5  6  7 |
---------------+----------------------+-----
Poison Magic   | 4 5 |  5.8
Spellcasting   | 3 |  3.8
Short Blades   | 1 |  1.3
Fighting       | 1 |  1.6
Dodging        | 3 |  3.6
Transmutations | 2 |  2.7
Air Magic      | 1 |  1.4
Armour         | 1 |  1.1
Conjurations   | 1 2 |  2.0
Invocations    | 2 |  2.1
Stealth        | 2 |  2.0
Evocations     | 1 |  1.0
Shields        | |  0.5

Action                     |  1- 3 |  4- 6 |  7- 9 || total
---------------------------+-------+-------+-------++-------
  Melee: Dagger            |       |    68 |    22 ||    90
         Punch             |       |     1 |       ||     1
   Cast: Sting             |    11 |       |       ||    11
         Poisonous Vapours |     9 |    26 |     2 ||    37
         Olgreb's Toxic Ra |       |     7 |     1 ||     8
         Mephitic Cloud    |       |     1 |       ||     1
  Evoke: Wand              |       |     1 |     3 ||     4
    Use: Potion            |     3 |       |     1 ||     4
         Scroll            |     2 |     7 |     3 ||    12
 Armour: Robe              |     5 |    14 |     4 ||    23
  Dodge: Dodged            |    17 |    54 |    32 ||   103
  Block: Other             |       |     2 |     3 ||     5
